 Dungeon Crawl Stone Soup version 0.19-a0-1704-gbd66c22 (webtiles) character file.

44 GrosslyIncandescent the Insei (level 3, -1/29 HPs)
             Began as a Mummy Monk on Sept 27, 2016.
             Slain by an adder (5 damage)
             ... on level 3 of the Dungeon.
             The game lasted 00:02:05 (1271 turns).

GrosslyIncandescent the Insei (Mummy Monk)          Turns: 1271, Time: 00:02:06

Health: -1/29      AC:  3    Str: 14    XL:     3   Next: 39%
Magic:  3/3        EV: 13    Int:  9    God:
Gold:   78         SH:  0    Dex: 15    Spells: 0 memorised, 2 levels left

rFire  x . .     SeeInvis .       - Unarmed
rCold  + . .     Gourm    .     (no armour)
rNeg   + + +     Faith    .     (no shield)
rPois  ∞         Spirit   .     (no helmet)
rElec  .         Dismiss  .     (no cloak)
rCorr  .         Reflect  .     b - +0 pair of gloves (curse)
MR     .....     Harm     .     d - +0 pair of boots
Stlth  ++........ Rnd*Tele +    (no amulet)
                                f - ring of teleportation (curse)
                                (no ring)

@: no status effects
A: no food or potions, fire vulnerability, cold resistance 1, negative energy
resistance 3, torment resistance, unbreathing
a: no special abilities


You were on level 3 of the Dungeon.
You were not hungry.

You visited 1 branch of the dungeon, and saw 3 of its levels.

You collected 78 gold pieces.


Innate Abilities, Weirdness & Mutations

You do not eat or drink.
Your flesh is vulnerable to fire.
You are immune to poison.
Your flesh is cold resistant. (rC+)
You are immune to negative energy. (rN+++)
You are immune to unholy pain and torment.
You can survive without breathing.


   Skills:
 - Level 3.0 Fighting
 - Level 2.4 Dodging
 - Level 1.5 Stealth
 + Level 3.6 Unarmed Combat


You had 2 spell levels left.
You didn't know any spells.

Inventory:

Armour
 b - a cursed +0 pair of gloves (worn)
 d - a +0 pair of boots (worn)
Jewellery
 f - a cursed ring of teleportation (right hand)
Scrolls
 a - a scroll of teleportation {unknown}
 c - 3 scrolls of identify {unknown}
 e - 3 scrolls of remove curse {unknown}
 g - a scroll of fear {unknown}

Dungeon Overview and Level Annotations

Branches:
Dungeon (3/15)

Altars:
Ru
Uskayaw

▒▒▒▒.▒
▒MS..▒
▒..▒▒▒▒
...▒▒
▒▒▒▒


You could see an adder.


Message History

You are too injured to fight recklessly!!!
You are too injured to fight recklessly!!!
You are too injured to fight recklessly!!!
You are too injured to fight recklessly!!!
You are suddenly yanked towards a nearby monster!!!
Your surroundings suddenly seem different!
You are suddenly yanked towards a nearby monster!!!
Your surroundings suddenly seem different!
An adder comes into view!
The adder hisses angrily!
The adder misses you!
You closely miss the adder! The adder completely misses you!
You beat the adder but do no damage!
The adder barely misses you!
You closely miss the adder! The adder misses you!
You miss the adder! The adder bites you! * * * don't die
* * * You closely miss the adder!
The adder barely misses you! x2
You miss the adder! The adder bites you! * * * don't die
* * * You beat the adder but do no damage!
The adder closely misses you!
You closely miss the adder! The adder bites you! * * * don't die
* * * You pulverise the adder!
The adder is moderately wounded!
The adder bites you! * * * don't die
* * * You pummel the adder but do no damage!
The adder is moderately wounded!
The adder bites you but does no damage! The adder bites you! rip

Action                   || total
-------------------------++-------
Melee: Unarmed           ||   113
       Punch             ||     1
 Stab: Sleeping          ||     2
Armor: Skin              ||    10
Dodge: Dodged            ||    58

Vault maps used:
D:1:      sevenhm_arrival_forest_fort_small_3, kennysheep_decorative_pillar,
          minmay_misc_feat_room, minmay_distorted
D:2:      dancing_weapons_uskayaw, nicolae_ru_path_of_blood
D:3:      first_bread

Notes
Turn   | Place    | Note
-------+----------+-------------------------------------------
     0 | D:1      | GrosslyIncandescent the Mummy Monk began the quest for the Orb.
     0 | D:1      | Reached XP level 1. HP: 18/18 MP: 1/1
   351 | D:1      | Reached XP level 2. HP: 24/24 MP: 2/2
   375 | D:1      | Reached skill level 3 in Unarmed Combat
   757 | D:2      | Reached XP level 3. HP: 28/29 MP: 3/3
  1016 | D:2      | Found a hide-covered altar of Uskayaw.
  1016 | D:2      | Noticed a hand axe
  1016 | D:2      | Noticed a hand axe
  1142 | D:2      | Found a sacrificial altar of Ru.
  1271 | D:3      | Slain by an adder

Vanquished Creatures
  An adder (D:2)
  A dart slug (D:3)
  A ball python (D:1)
  4 bats
  4 giant cockroaches
  7 goblins
  4 hobgoblins
  A jackal (D:1)
  2 frilled lizards (D:2)
  A kobold (D:1)
  3 rats (D:1)
29 creatures vanquished.
